HSSL
INDIANAPOLIS HS CHAOS @ OKLAHOMA CITY HS MAGICIANS
05/06/2030
 
TOP OF THE 1ST
Indianapolis HS Chaos batting - Pitching for Oklahoma City HS Magicians : RHP Steve Browne
Pitching: RHP Steve Browne
Batting: RHB Brian Carriaga 0-0: Ground out 6-3 (Groundball, 6)
Batting: RHB Eric Pierce 0-0: Foul Ball, location: 2F
0-1: Ground out 6-3 (Groundball, 6M)
Batting: RHB Bryan Reed 0-0: Swinging Strike
0-1: Ball
1-1: Ball
2-1: Ground out 6-3 (Groundball, 56)
Top of the 1st over - 0 runs, 0 hits, 0 errors, 0 left on base; Indianapolis HS 0 - Oklahoma City HS 0
BOTTOM OF THE 1ST
Oklahoma City HS Magicians batting - Pitching for Indianapolis HS Chaos : RHP Dave Paul
Pitching: RHP Dave Paul
Batting: LHB Pablo Fuentes 0-0: Ball
1-0: Called Strike
1-1: Called Strike
1-2: Ball
2-2: Strikes out looking
Batting: LHB Todd Davis 0-0: Foul Ball, location: 2F
0-1: Ball
1-1: Foul Ball, location: 2F
1-2: Foul Ball, location: 2F
1-2: Foul Ball, location: 2F
1-2: Ball
2-2: Foul Ball, location: 2F
2-2: Ball
3-2: Foul Ball, location: 2F
3-2: Foul Ball, location: 2F
3-2: Foul Ball, location: 2F
3-2: Base on Balls
Batting: RHB Ken Wallace 0-0: Ball
1-0: Ground out 3-1 (Groundball, 34)
Todd Davis to second
Batting: LHB Marcus Hussey 0-0: Called Strike
0-1: Swinging Strike
0-2: Ball
1-2: Ball
2-2: Foul Ball, location: 2F
2-2: Fly out, F8 (Line Drive, 89M)
Bottom of the 1st over - 0 runs, 0 hits, 0 errors, 1 left on base; Indianapolis HS 0 - Oklahoma City HS 0
TOP OF THE 2ND
Indianapolis HS Chaos batting - Pitching for Oklahoma City HS Magicians : RHP Steve Browne
Batting: LHB José Alonzo 0-0: Ball
1-0: Called Strike
1-1: Called Strike
1-2: Foul Ball, location: 2F
1-2: Foul Ball, location: 2F
1-2: Ball
2-2: Ground out 6-3 (Groundball, 6M)
Batting: LHB William Morgan 0-0: Ball
1-0: Ball
2-0: Ball
3-0: Base on Balls
Batting: LHB Gonzalo Luna 0-0: Called Strike
0-1: Ball
1-1: Called Strike
1-2: Strikes out swinging
Batting: RHB Germán Vásquez 0-0: Ball
1-0: Ball
2-0: Foul Ball, location: 2F
2-1: Called Strike
William Morgan is caught stealing 2nd base
Top of the 2nd over - 0 runs, 0 hits, 0 errors, 0 left on base; Indianapolis HS 0 - Oklahoma City HS 0
BOTTOM OF THE 2ND
Oklahoma City HS Magicians batting - Pitching for Indianapolis HS Chaos : RHP Dave Paul
Batting: RHB Edward Allen 0-0: Called Strike
0-1: Foul Ball, location: 2F
0-2: Ball
1-2: Ground out 6-3 (Groundball, 6)
Batting: RHB Drew Richardson 0-0: Ball
1-0: Ball
2-0: Called Strike
2-1: Foul Ball, location: 2F
2-2: Foul Ball, location: 2F
2-2: Ball
3-2: Strikes out swinging
Batting: RHB Mark Wortham 0-0: Ball
1-0: Ball
2-0: Called Strike
2-1: Ball
3-1: Base on Balls
Batting: LHB Jason Thomas 0-0: Ball
1-0: Swinging Strike
1-1: Called Strike
1-2: Ball
2-2: Strikes out swinging
Bottom of the 2nd over - 0 runs, 0 hits, 0 errors, 1 left on base; Indianapolis HS 0 - Oklahoma City HS 0
TOP OF THE 3RD
Indianapolis HS Chaos batting - Pitching for Oklahoma City HS Magicians : RHP Steve Browne
Batting: RHB Germán Vásquez 0-0: Ball
1-0: Foul Ball, location: 2F
1-1: Ball
2-1: Ball
3-1: Base on Balls
Batting: RHB Jonathan Thompson 0-0: Foul Ball, location: 2F
0-1: Ball
Wild Pitch!
Germán Vásquez to second
1-1: Foul Ball, location: 2F
1-2: Fly out, F3 (Popup, 3SF)
Batting: RHB Héctor Núñez 0-0: Ball
1-0: Foul Ball, location: 2F
1-1: Swinging Strike
1-2: Ball
2-2: Strikes out swinging
Batting: RHB Brian Carriaga 0-0: Ball
1-0: Ball
2-0: Ball
3-0: Called Strike
3-1: Base on Balls
Batting: RHB Eric Pierce 0-0: Ball
1-0: Ball
2-0: Called Strike
2-1: Ball
3-1: Called Strike
3-2: Fly out, F4 (Popup, 34D)
Top of the 3rd over - 0 runs, 0 hits, 0 errors, 2 left on base; Indianapolis HS 0 - Oklahoma City HS 0
BOTTOM OF THE 3RD
Oklahoma City HS Magicians batting - Pitching for Indianapolis HS Chaos : RHP Dave Paul
Batting: LHB Brian Bennett 0-0: Foul Ball, location: 2F
0-1: Ball
1-1: SINGLE (Line Drive, 8RS)
Batting: LHB Pablo Fuentes 0-0: Ball
1-0: Called Strike
1-1: Foul Ball, location: 2F
1-2: Strikes out swinging
Batting: LHB Todd Davis 0-0: Called Strike
0-1: Foul Ball, location: 2F
0-2: Strikes out looking
Batting: RHB Ken Wallace 0-0: Called Strike
0-1: Ball
1-1: Foul Ball, location: 2F
1-2: Ball
2-2: Ball
3-2: Fly out, F3 (Popup, 3SF)
Bottom of the 3rd over - 0 runs, 1 hit, 0 errors, 1 left on base; Indianapolis HS 0 - Oklahoma City HS 0
TOP OF THE 4TH
Indianapolis HS Chaos batting - Pitching for Oklahoma City HS Magicians : RHP Steve Browne
Batting: RHB Bryan Reed 0-0: Ball
1-0: Swinging Strike
1-1: Ball
2-1: Foul Ball, location: 2F
2-2: Ball
3-2: Foul Ball, location: 2F
3-2: Fly out, F6 (Popup, 56D)
Batting: LHB José Alonzo 0-0: Ball
1-0: Fly out, F8 (Flyball, 8LD)
Batting: LHB William Morgan 0-0: Ball
1-0: Called Strike
1-1: Ball
2-1: Ball
3-1: Fly out, F9 (Flyball, 9S)
Top of the 4th over - 0 runs, 0 hits, 0 errors, 0 left on base; Indianapolis HS 0 - Oklahoma City HS 0
BOTTOM OF THE 4TH
Oklahoma City HS Magicians batting - Pitching for Indianapolis HS Chaos : RHP Dave Paul
Batting: LHB Marcus Hussey 0-0: Ball
1-0: Foul Ball, location: 2F
1-1: SINGLE (Line Drive, 4D)
Batting: RHB Edward Allen 0-0: Ball
1-0: SINGLE (Flyball, 7LS)
Marcus Hussey to second
Batting: RHB Drew Richardson 0-0: Foul Ball, location: 2F
0-1: Foul Ball, location: 2F
0-2: Ball
1-2: Strikes out swinging
Batting: RHB Mark Wortham 0-0: Called Strike
0-1: Ball
1-1: Foul Ball, location: 2F
1-2: Foul Ball, location: 2F
1-2: Foul Ball, location: 2F
1-2: Strikes out swinging
Batting: LHB Jason Thomas 0-0: Swinging Strike
0-1: Foul Ball, location: 2F
0-2: Fly out, F8 (Line Drive, 8LD)
Bottom of the 4th over - 0 runs, 2 hits, 0 errors, 2 left on base; Indianapolis HS 0 - Oklahoma City HS 0
TOP OF THE 5TH
Indianapolis HS Chaos batting - Pitching for Oklahoma City HS Magicians : RHP Steve Browne
Batting: LHB Gonzalo Luna 0-0: Ball
1-0: Ball
2-0: Called Strike
2-1: SOLO HOME RUN (Flyball, 9D), Distance : 363 ft
Batting: RHB Germán Vásquez 0-0: Fly out, F8 (Flyball, 8RM)
Batting: RHB Jonathan Thompson 0-0: Called Strike
0-1: Ball
1-1: Ground out 6-3 (Groundball, 6M)
Batting: RHB Héctor Núñez 0-0: Called Strike
0-1: Swinging Strike
0-2: Foul Ball, location: 2F
0-2: Fly out, F9 (Flyball, 9D)
Top of the 5th over - 1 run, 1 hit, 0 errors, 0 left on base; Indianapolis HS 1 - Oklahoma City HS 0
BOTTOM OF THE 5TH
Oklahoma City HS Magicians batting - Pitching for Indianapolis HS Chaos : RHP Dave Paul
Pitching: RHP Norm Bradshaw
Batting: LHB Brian Bennett 0-0: Ball
1-0: Ball
2-0: Swinging Strike
2-1: Swinging Strike
2-2: Ball
3-2: Foul Ball, location: 2F
3-2: Foul Ball, location: 2F
3-2: Base on Balls
Batting: LHB Pablo Fuentes 0-0: Called Strike
0-1: Fly out, F7 (Flyball, 7)
Batting: LHB Todd Davis 0-0: Ball
1-0: Ball
2-0: Swinging Strike
2-1: Foul Ball, location: 2F
2-2: Ball
3-2: Base on Balls
Brian Bennett to second
Batting: RHB Ken Wallace 0-0: Fly out, F4 (Line Drive, 4M)
Lined into DP, U4 (Line Drive, 4M)
Bottom of the 5th over - 0 runs, 0 hits, 0 errors, 1 left on base; Indianapolis HS 1 - Oklahoma City HS 0
TOP OF THE 6TH
Indianapolis HS Chaos batting - Pitching for Oklahoma City HS Magicians : RHP Steve Browne
Batting: RHB Brian Carriaga 0-0: Ball
1-0: Foul Ball, location: 2F
1-1: SINGLE (Groundball, 34D)
Pitching: RHP Jeff Browne
Batting: RHB Eric Pierce 0-0: Ball
1-0: Grounds into double play, 4-6-3 (Groundball, 4)
Batting: RHB Bryan Reed 0-0: Ball
1-0: Ball
2-0: Called Strike
2-1: Fly out, F7 (Line Drive, 7D)
Top of the 6th over - 0 runs, 1 hit, 0 errors, 0 left on base; Indianapolis HS 1 - Oklahoma City HS 0
BOTTOM OF THE 6TH
Oklahoma City HS Magicians batting - Pitching for Indianapolis HS Chaos : RHP Norm Bradshaw
Batting: LHB Marcus Hussey 0-0: Ball
1-0: Ground out 4-3 (Groundball, 4)
Batting: RHB Edward Allen 0-0: Swinging Strike
0-1: Ball
1-1: Fly out, F8 (Flyball, 8LXD)
Batting: RHB Drew Richardson 0-0: Ball
1-0: Swinging Strike
1-1: Ground out 4-3 (Groundball, 34D)
Bottom of the 6th over - 0 runs, 0 hits, 0 errors, 0 left on base; Indianapolis HS 1 - Oklahoma City HS 0
TOP OF THE 7TH
Indianapolis HS Chaos batting - Pitching for Oklahoma City HS Magicians : RHP Jeff Browne
Batting: LHB José Alonzo 0-0: Ball
1-0: Foul Ball, location: 2F
1-1: Ball
2-1: Swinging Strike
2-2: Fly out, F6 (Popup, 4M)
Batting: LHB William Morgan 0-0: Called Strike
0-1: Called Strike
0-2: Ground out U3 (Groundball, 3)
Batting: LHB Gonzalo Luna 0-0: Ball
1-0: Ball
2-0: Ball
3-0: Called Strike
3-1: Foul Ball, location: 2F
3-2: Base on Balls
Pinch Hitting: RHB Andy Norris 0-0: Ball
1-0: Ball
2-0: SINGLE (Line Drive, 9S)
Gonzalo Luna to second
Batting: RHB Jonathan Thompson 0-0: SINGLE (Groundball, 4M) (infield hit)
Gonzalo Luna to third
Andy Norris to second
Batting: RHB Héctor Núñez 0-0: GRAND SLAM HOME RUN (Flyball, 7LD), Distance : 344 ft
Pitching: LHP Bill Frazier
Batting: RHB Brian Carriaga 0-0: Ball
1-0: Ball
2-0: Ball
3-0: Called Strike
3-1: Swinging Strike
3-2: Base on Balls
Batting: RHB Eric Pierce 0-0: Foul Ball, location: 2F
0-1: Ball
1-1: Fielders Choice at 2nd, 6-4 (Groundball, 6)
Top of the 7th over - 4 runs, 3 hits, 0 errors, 1 left on base; Indianapolis HS 5 - Oklahoma City HS 0
BOTTOM OF THE 7TH
Oklahoma City HS Magicians batting - Pitching for Indianapolis HS Chaos : RHP Norm Bradshaw
Now at 1B: Andy Norris
Batting: RHB Mark Wortham 0-0: Called Strike
0-1: Ball
1-1: Ball
2-1: Called Strike
2-2: Fly out, F9 (Flyball, 89M)
Batting: LHB Jason Thomas 0-0: Called Strike
0-1: Ground out 5-3 (Groundball, 56)
Batting: LHB Brian Bennett 0-0: Ball
1-0: Ball
2-0: Ball
3-0: Called Strike
3-1: SINGLE (Groundball, 34D)
Batting: LHB Pablo Fuentes 0-0: Ball
1-0: Called Strike
1-1: Called Strike
1-2: Ball
2-2: Strikes out swinging
Bottom of the 7th over - 0 runs, 1 hit, 0 errors, 1 left on base; Indianapolis HS 5 - Oklahoma City HS 0
TOP OF THE 8TH
Indianapolis HS Chaos batting - Pitching for Oklahoma City HS Magicians : LHP Bill Frazier
Batting: RHB Bryan Reed 0-0: Ball
1-0: Called Strike
1-1: SINGLE (Line Drive, 7S)
Batting: LHB José Alonzo 0-0: Ball
1-0: Ball
2-0: Called Strike
2-1: Foul Ball, location: 2F
2-2: Ball
3-2: Foul Ball, location: 2F
3-2: Foul Ball, location: 2F
3-2: SINGLE (Groundball, 34D)
Bryan Reed to second
Runner from 2nd tries for 3rd, SAFE, no throw
Batting: LHB William Morgan 0-0: Ball
1-0: Ball
2-0: Swinging Strike
2-1: Swinging Strike
2-2: Strikes out swinging
Batting: LHB Gonzalo Luna 0-0: Ball
1-0: Called Strike
1-1: Ball
2-1: Ball
3-1: Foul Ball, location: 2F
3-2: Strikes out swinging
Batting: RHB Andy Norris 0-0: Ball
1-0: Ball
2-0: Ball
3-0: Called Strike
3-1: Base on Balls
José Alonzo to second
Batting: RHB Jonathan Thompson 0-0: Ball
1-0: Ball
2-0: Called Strike
2-1: Called Strike
2-2: Ball
3-2: Base on Balls
Bryan Reed scores
José Alonzo to third
Andy Norris to second
Batting: RHB Héctor Núñez 0-0: Called Strike
0-1: Ball
1-1: Fielders Choice at 2nd, 6-4 (Groundball, 6)
Top of the 8th over - 1 run, 2 hits, 0 errors, 3 left on base; Indianapolis HS 6 - Oklahoma City HS 0
BOTTOM OF THE 8TH
Oklahoma City HS Magicians batting - Pitching for Indianapolis HS Chaos : RHP Norm Bradshaw
Batting: LHB Todd Davis 0-0: Foul Ball, location: 2F
0-1: Foul Ball, location: 2F
0-2: Foul Ball, location: 2F
0-2: Strikes out looking
Batting: RHB Ken Wallace 0-0: Ball
1-0: Ball
2-0: Ball
3-0: Base on Balls
Batting: LHB Marcus Hussey 0-0: Fly out, F7 (Flyball, 78S)
Batting: RHB Edward Allen 0-0: Called Strike
0-1: Ball
1-1: Ground out 3-1 (Groundball, 34)
Bottom of the 8th over - 0 runs, 0 hits, 0 errors, 1 left on base; Indianapolis HS 6 - Oklahoma City HS 0
TOP OF THE 9TH
Indianapolis HS Chaos batting - Pitching for Oklahoma City HS Magicians : LHP Bill Frazier
Batting: RHB Brian Carriaga 0-0: Ball
1-0: Called Strike
1-1: Foul Ball, location: 2F
1-2: Ball
2-2: Ball
3-2: Strikes out swinging
Batting: RHB Eric Pierce 0-0: Ball
1-0: SINGLE (Groundball, 6MD)
Batting: RHB Bryan Reed 0-0: Fly out, F5 (Popup, 5)
Batting: LHB José Alonzo 0-0: Called Strike
0-1: Fly out, F6 (Popup, 6MD)
Top of the 9th over - 0 runs, 1 hit, 0 errors, 1 left on base; Indianapolis HS 6 - Oklahoma City HS 0
BOTTOM OF THE 9TH
Oklahoma City HS Magicians batting - Pitching for Indianapolis HS Chaos : RHP Norm Bradshaw
Batting: RHB Drew Richardson 0-0: Called Strike
0-1: Ball
1-1: Swinging Strike
1-2: Ball
2-2: Foul Ball, location: 2F
2-2: Strikes out swinging
Batting: RHB Mark Wortham 0-0: Ball
1-0: Ball
2-0: Called Strike
2-1: Foul Ball, location: 2F
2-2: Ball
3-2: Base on Balls
Pitching: LHP Lonnie Christensen
Batting: LHB Jason Thomas 0-0: Fielders Choice at 2nd, 6-4 (Groundball, 56)
Batting: LHB Brian Bennett 0-0: Foul Ball, location: 2F
0-1: Ball
1-1: Called Strike
1-2: Ball
2-2: Ground out 4-3 (Groundball, 4)
Bottom of the 9th over - 0 runs, 0 hits, 0 errors, 1 left on base; Indianapolis HS 6 - Oklahoma City HS 0
Saturday, April 7th, 2018 - OOTP Baseball 18.8 Build 76